 Dungeon Crawl Stone Soup version 0.30.1-8-g117510f58f (webtiles) character file.

Game seed: 9129607191320232016

23 Nick1 the Grasshopper (level 3, -3/29 HPs)
             Began as a Ghoul Warper on Sept 23, 2023.
             Slain by a worm (4 damage)
             ... on level 2 of the Dungeon.
             The game lasted 00:05:18 (827 turns).

Nick1 the Grasshopper (Ghoul Warper)                 Turns: 827, Time: 00:05:18

Health: -3/29      AC:  3    Str: 16    XL:     3   Next: 0%
Magic:  4/4        EV: 11    Int:  8    God:
Gold:   38         SH:  0    Dex:  8    Spells: 3/5 levels left

rFire   . . .        a - +0 short sword
rCold   + . .        (no shield)
rNeg    + + +        b - +0 leather armour
rPois   ∞            (no helmet)
rElec   .            (no cloak)
rCorr   .            (no gloves)
SInv    .            (no boots)
Will    .....        (no amulet)
Stlth   +            (no ring)
HPRegen 0.00/turn    (no ring)
MPRegen 0.09/turn

%: no passive effects
@: inhibited regen
A: claws 1, cold resistance 1, negative energy resistance 3, inhibited
regeneration, torment resistance 2, devour on kill
a: no special abilities


You were on level 2 of the Dungeon.
You visited 1 branch of the dungeon, and saw 2 of its levels.

You collected 38 gold pieces.

Inventory:

Hand Weapons
 a - a +0 short sword (weapon)
Missiles
 d - 7 boomerangs of dispersal (quivered)
 f - 2 curare-tipped darts
Armour
 b - a +0 leather armour (worn)
Scrolls
 c - a scroll of blinking
 j - a scroll of vulnerability {unknown}
Potions
 e - a potion of curing {unknown}
 g - 2 potions of brilliance
 i - a potion of lignification {unknown}
 k - a potion of attraction {unknown}


   Skills:
 * Level 2.3 Fighting
 * Level 2.0 Short Blades
 + Level 0.8 Throwing
 + Level 1.1 Armour
 + Level 2.0 Dodging
 * Level 1.8 Stealth
 + Level 1.8 Spellcasting
 + Level 2.8 Translocations


You had 3 spell levels left.
You knew the following spells:

 Your Spells              Type           Power      Damage    Failure   Level
a - Blink                 Tloc           10%        N/A       22%         2

Your spell library contained the following spells:

 Spells                   Type           Power      Damage    Failure   Level
 Lesser Beckoning         Tloc           10%        N/A       22%         2
 Teleport Other           Tloc           5%         N/A       38%         3
 Vhi's Electric Charge    Tloc/Air       6%         N/A       58%         3
 Manifold Assault         Tloc           5%         N/A       80%         4


Dungeon Overview and Level Annotations

Branches:
Dungeon (2/15)

Altars:
Cheibriados


Innate Abilities, Weirdness & Mutations

You are immune to poison.
You have sharp fingernails.
Your flesh is cold resistant. (rC+)
You are immune to negative energy. (rN+++)
You do not regenerate when monsters are visible.
You are immune to unholy pain and torment.
You thrive by killing the living.


Message History

You hit the worm but do no damage.
The worm is lightly wounded.
The dart slug bites you.
Hit: a) +0 short sword
Press: ? - help, Dir - move target, f/p - dart slug
Aim: a dart slug (about 7% to evade your +0 short sword)
You hit the dart slug.
The dart slug is moderately wounded.
The worm bites you.
You hit the worm.
The worm is lightly wounded.
The dart slug launches a dart at you. The slug dart misses you.
Hit: a) +0 short sword
Press: ? - help, Dir - move target, f/p - dart slug
Aim: a dart slug (moderately wounded, about 7% to evade your +0 short sword)
You hit the dart slug but do no damage.
The dart slug is moderately wounded.
The worm bites you.
* * * LOW HITPOINT WARNING * * *
The dart slug barely misses you.
You hit the worm.
The worm is moderately wounded.
Hit: a) +0 short sword
Press: ? - help, Dir - move target, f/p - dart slug
Aim: a dart slug (moderately wounded, about 7% to evade your +0 short sword)
You hit the dart slug.
The dart slug is heavily wounded.
The dart slug barely misses you. The worm closely misses you.
You hit the worm.
The worm is moderately wounded.
The dart slug bites you.
* * * LOW HITPOINT WARNING * * *
Hit: a) +0 short sword
Press: ? - help, Dir - move target, f/p - dart slug
Aim: a dart slug (heavily wounded, about 7% to evade your +0 short sword)
You hit the dart slug.
The dart slug is severely wounded.
The worm bites you.
You die...

########
##......##
##.......<##
#..........#
...........#
...........#
_......@w..#
.......w...#
............#
##....)........
...........#.##
#..........#...
#..........# ##
#..........#


You could see a worm and a dart slug.

Vanquished Creatures
  3 endoplasms (D:1)
  A giant cockroach (D:1)
  5 hobgoblins (D:1)
  6 ball pythons (D:1)
  A bat (D:1)
  3 frilled lizards (D:1)
  4 kobolds (D:1)
23 creatures vanquished.

Notes
Turn   | Place    | Note
-------+----------+-------------------------------------------
     0 | D:1      | Nick1 the Ghoul Warper began the quest for the Orb.
     0 | D:1      | Reached XP level 1. HP: 17/17 MP: 2/2
    52 | D:1      | Reached skill level 1 in Armour
   147 | D:1      | Reached XP level 2. HP: 10/24 MP: 3/3
   153 | D:1      | Reached skill level 1 in Stealth
   158 | D:1      | HP: 1/24 [kobold/+0 short sword (3)]
   164 | D:1      | Learned a level 2 spell: Blink
   193 | D:1      | HP: 1/24 [frozen (2)]
   628 | D:1      | Reached XP level 3. HP: 28/29 MP: 4/4
   803 | D:2      | Found a snail-covered altar of Cheibriados.
   826 | D:2      | HP: 1/29 [dart slug (2)]
   827 | D:2      | Slain by a worm

Illustrated notes

Levels and vault maps discovered:
D:1:      sevenhm_arrival_forest_fort_large_4, layout_loops_ring
D:2:      layout_rooms, basic_altar

Skill      XL: |  1  2 |
---------------+-------+-----
Armour         | 1 |  1.1
Stealth        | 1 |  1.8
Short Blades   | 2 |  2.0
Dodging        | 2 |  2.0
Fighting       | |  2.3
Throwing       | |  0.8
Spellcasting   | |  1.8
Translocations | |  2.8

Action                     || total
---------------------------++-------
  Melee: Short sword       ||   126
         Punch             ||     1
    Use: Scroll            ||     1
 Armour: Leather armour    ||    23
  Dodge: Dodged            ||    56
